 Dungeon Crawl Stone Soup version 0.23-a0-436-g57debff (webtiles) character file.

25 nikopol the Firebug (level 2, -2/15 HPs)
             Began as a Deep Elf Fire Elementalist on Nov 16, 2018.
             Slain by an adder (3 damage)
             ... on level 1 of the Dungeon.
             The game lasted 00:01:38 (885 turns).

nikopol the Firebug (Deep Elf Fire Elementalist)     Turns: 885, Time: 00:01:38

Health: -2/15      AC:  2    Str:  5    XL:     2   Next: 82%
Magic:  4/8        EV: 13    Int: 19    God:
Gold:   42         SH:  0    Dex: 15    Spells: 5/8 levels left

rFire    . . .     SeeInvis .   (no weapon)
rCold    . . .     Gourm    .   (no shield)
rNeg     . . .     Faith    .   a - +0 robe
rPois    .         Spirit   .   (no helmet)
rElec    .         Reflect  .   (no cloak)
rCorr    .         Harm     .   (no gloves)
MR       .....                  (no boots)
Stlth    ++........             (no amulet)
HPRegen  0.05/turn              (no ring)
MPRegen  0.11/turn              (no ring)

@: lethally poisoned (-2 -> -10), very slightly contaminated
A: no striking features
a: no special abilities


You were on level 1 of the Dungeon.
You were not hungry.

You visited 1 branch of the dungeon, and saw 2 of its levels.

You collected 42 gold pieces.

Inventory:

Armour
 a - a +0 robe (worn)
Jewellery
 d - an uncursed amulet of the acrobat {unknown}
Scrolls
 b - a scroll of magic mapping {unknown}
 e - a scroll of amnesia {unknown}
Potions
 g - 3 potions of curing {unknown}
 h - a potion of haste {unknown}
Comestibles
 c - a ration


   Skills:
 + Level 2.5 Dodging
 + Level 2.4 Stealth
 + Level 3.7 Spellcasting
 + Level 1.4 Conjurations
 + Level 3.9 Fire Magic


You had 5 spell levels left.
You knew the following spells:

 Your Spells              Type           Power        Failure   Level  Hunger
a - Flame Tongue          Conj/Fire      ##...        4%          1    None
b - Throw Flame           Conj/Fire      ##....       7%          2    ##.....

Your spell library contained the following spells:

 Spells                   Type           Power        Failure   Level  Hunger
 Conjure Flame            Conj/Fire      ##......     14%         3    ###....
 Inner Flame              Hex/Fire       ##......     19%         3    ###....
 Sticky Flame             Conj/Fire      ##......     43%         4    ####...
 Fireball                 Conj/Fire      ##........   78%         5    ######.


Dungeon Overview and Level Annotations

Branches:
Dungeon (2/15)

Altars:


Message History

Casting: Flame Tongue (safe; 4% risk of failure)
Confirm with . or Enter, or press ? or * to list all spells.
Aiming: Flame Tongue (safe; 4% risk of failure)
Press: ? - help, Shift-Dir - straight line, f - adder
Aim: an adder The flame tongue hits the adder.
The adder is almost dead.
You feel sick. The adder bites you.
* * * LOW HITPOINT WARNING * * *
Casting: Flame Tongue (safe; 4% risk of failure)
Confirm with . or Enter, or press ? or * to list all spells.
Aiming: Flame Tongue (safe; 4% risk of failure)
Press: ? - help, Shift-Dir - straight line, f/p - adder
Aim: an adder (almost dead)
You miscast Flame Tongue.
You are very lightly contaminated with residual magic.
Nothing appears to happen.
* * * LOW HITPOINT WARNING * * *
You feel sick. The adder bites you.
You die...

#...........# ##.## ######
####.#######...# ##.#.##
##.# ...............#
#.###.###..#
####.#######...#
##.###.#.#.# # #.#
##..######.#.#..#.# # #.#
#.......##.###.#.# # #.##
#.####.#.#.# #.#.# # #..#
#>###.###..###.#.# # ##.#
#.gS@## ##.......# #####.#
#####.###..####### #...#.#
##.#...# # ....#.#
##.#.÷## # #...#.#
#..÷..## # ##.##.#
###....# # ##.##.# #...)#
# ...##.# ########....# #
#..##)########..........##
#


You could see an adder and a hobgoblin.

Vanquished Creatures
  A dart slug (D:1)
  A giant cockroach (D:1)
  A goblin (D:1)
  A hobgoblin (D:1)
  4 jackals (D:1)
  5 kobolds (D:1)
  4 bats (D:1)
  2 frilled lizards (D:1)
  5 rats (D:1)
24 creatures vanquished.

Notes
Turn   | Place    | Note
-------+----------+-------------------------------------------
     0 | D:1      | nikopol the Deep Elf Fire Elementalist began the quest for
                  | the Orb.
     0 | D:1      | Reached XP level 1. HP: 10/10 MP: 6/6
   276 | D:1      | Reached XP level 2. HP: 15/15 MP: 4/8
   491 | D:1      | Learned a level 2 spell: Throw Flame
   885 | D:1      | Slain by an adder

Vault maps used:
D:1:      minmay_arrival_nine_rooms
D:2:      uniq_robin

Action                   || total
-------------------------++-------
 Cast: Flame Tongue      ||    39
Armor: Robe              ||     1
Dodge: Dodged            ||    12

Table legend:
 A = Non-vault XP
 B = Vault XP
 C = Vault XP percentage of total XP
 D = Non-vault monster count
 E = Vault monster count
 F = Vault count percentage of total count
                 A         B        C        D         E       F
            +---------+---------+-------+---------+---------+-------
      Total |      36 |       0 |   0.0 |      24 |       0 |   0.0
            +---------+---------+-------+---------+---------+-------
        D:1 |      36 |       0 |   0.0 |      24 |       0 |   0.0
            +---------+---------+-------+---------+---------+-------
